 Dungeon Crawl Stone Soup version 0.30.0-17-ge0270778cf (webtiles) character file.

Game seed: 16304656930925233940

16 McKennaii the Conjurer (level 2, -5/20 HPs)
             Began as a Demigod Conjurer on May 21, 2023.
             Killed by nerve-wracking pain
             ... invoked by Jessica
              (11 damage)
             ... on level 2 of the Dungeon.
             The game lasted 00:00:43 (1211 turns).

McKennaii the Conjurer (Demigod Conjurer)           Turns: 1211, Time: 00:00:44

Health: -5/20      AC:  2    Str:  8    XL:     2   Next: 24%
Magic:  0/7        EV: 12    Int: 20    God:
Gold:   41         SH:  0    Dex: 12    Spells: 2/5 levels left

rFire   . . .        (no weapon)
rCold   . . .        (no shield)
rNeg    . . .        a - +0 robe
rPois   .            (no helmet)
rElec   .            (no cloak)
rCorr   .            (no gloves)
SInv    .            (no boots)
Will    .....        (no amulet)
Stlth   ++           (no ring)
HPRegen 0.23/turn    (no ring)
MPRegen 0.10/turn

%: no passive effects
@: slowed, very slow
A: high MP 1, forlorn, divine attributes
a: no special abilities


You were on level 2 of the Dungeon.
You visited 1 branch of the dungeon, and saw 2 of its levels.

You collected 41 gold pieces.

Inventory:

Armour
 a - a +0 robe (worn)
Scrolls
 c - a scroll of identify {unknown}
 d - a scroll of vulnerability {unknown}
 e - a scroll of acquirement {unknown}
 g - a scroll of enchant armour {unknown}
Potions
 b - a potion of magic
 f - a potion of brilliance {unknown}


   Skills:
 - Level 1.7 Dodging
 - Level 1.7 Stealth
 + Level 2.2 Spellcasting
 + Level 3.9 Conjurations


You had 2 spell levels left.
You knew the following spells:

 Your Spells              Type           Power      Damage    Failure   Level
a - Magic Dart            Conj           72%        1d6       3%          1
b - Searing Ray           Conj           36%        2d5       4%          2

Your spell library contained the following spells:

 Spells                   Type           Power      Damage    Failure   Level
 Dazzling Flash           Conj/Hex       20%        N/A       21%         3
 Fulminant Prism          Conj/Hex       5%         3d7       56%         4
 Iskenderun's Mystic Bla  Conj/Tloc      10%        2d4       56%         4


Dungeon Overview and Level Annotations

Branches:
Dungeon (2/15)

Shops:
D:1 *

Annotations:
D:2 Jessica


Innate Abilities, Weirdness & Mutations

You have an increased reservoir of magic. (+10% MP)
You shall have no god before yourself.
Your divine heritage dramatically boosts your attributes as you level up.


Message History

You miscast Magic Dart.
You are very lightly contaminated with residual magic.
Nothing appears to happen.
Casting: Magic Dart (safe; 3% risk of failure)
Confirm with . or Enter, or press ? or * to list all spells.
Aiming: Magic Dart (safe; 3% risk of failure)
Press: ? - help, Shift-Dir - straight line, f/p - Jessica
Aim: Jessica, wielding a +0 club and wearing a +0 robe (heavily wounded, 100% to hit)
The magic dart hits Jessica.
Jessica is severely wounded.
Jessica looks very angry.
Casting: Magic Dart (safe; 3% risk of failure)
Confirm with . or Enter, or press ? or * to list all spells.
Aiming: Searing Ray (safe; 4% risk of failure)
Press: ? - help, Shift-Dir - straight line, f/p - Jessica
Aim: Jessica, wielding a +0 club and wearing a +0 robe (severely wounded, 78% to hit)
The searing ray misses Jessica. (Press . to maintain the ray.) Jessica shouts, "You're disturbing me!
I'll have to kill you!"
Without enough magic to sustain it, your searing ray dissipates.
Unknown command.
You barely miss Jessica.
Jessica is severely wounded.
Jessica gestures wildly while chanting.
Jessica seems to speed up.
You hit Jessica but do no damage. You punch Jessica, but do no damage.
Jessica is severely wounded.
Jessica closely misses you.
You barely miss Jessica.
Jessica is severely wounded.
Jessica points at you and mumbles some strange words.
You feel yourself slow down. Jessica barely misses you.
Your magical contamination has completely faded away.
You closely miss Jessica.
Jessica is severely wounded.
Jessica grins evilly.
Jessica casts a spell at you. Pain shoots through your body!
Ouch! That really hurt!
You die...

..P .... ....
.###....
...###.......
. #....#.....
. #.......#
#. #....[.
##.####..@.#
#........@.#
#........#
#........#
#........#
##...##....#
##...####....
#...## .....
#. ##...#
..... #.
#...## ....


You could see Jessica (fast).

Vanquished Creatures
  An endoplasm (D:2)
  A giant cockroach (D:1)
  2 goblins (D:1)
  3 hobgoblins (D:1)
  A quokka (D:1)
  2 ball pythons (D:1)
  2 bats (D:1)
  A frilled lizard (D:2)
  2 kobolds
15 creatures vanquished.

Notes
Turn   | Place    | Note
-------+----------+-------------------------------------------
     0 | D:1      | McKennaii the Demigod Conjurer began the quest for the Orb.
     0 | D:1      | Reached XP level 1. HP: 14/14 MP: 5/5
   233 | D:1      | Found Wuhygiam's General Store.
   535 | D:1      | Reached XP level 2. HP: 20/20 MP: 5/7
  1199 | D:2      | Learned a level 2 spell: Searing Ray
  1199 | D:2      | Noticed Jessica
  1211 | D:2      | Killed from afar by Jessica

Illustrated notes

Levels and vault maps discovered:
D:1:      roderic_crop_circles_arrival_small, layout_loops_corners,
          serial_shops, shop, wad_floor_pattern_untrapped
D:2:      layout_rooms, basic_ecumenical_altar, serial_bayou_pond_a,
          uniq_jessica

Skill      XL: |  1 |
---------------+----+-----
Spellcasting   | 2 |  2.2
Dodging        | |  1.7
Stealth        | |  1.7
Conjurations   | |  3.9

Action                     || total
---------------------------++-------
  Melee: Unarmed           ||     4
         Punch             ||     1
   Cast: Magic Dart        ||    33
         Searing Ray       ||     1
 Armour: Robe              ||     2
  Dodge: Dodged            ||     5
